 Seeded DCSS version 0.30.1-4-g462c640d31 (webtiles) character file.

Game seed: 6351066067085065685 (custom seed)

214 Esekla the Grave Robber (level 5, 0/28 HPs)
             Began as a Deep Elf Necromancer on Aug 14, 2023.
             Was an Initiate of Vehumet.
             Slain by a gnoll
             ... wielding a +0 halberd
             ... led by a gnoll bouda
              (14 damage)
             ... on level 4 of the Dungeon.
             The game lasted 00:12:23 (2329 turns).

Esekla the Grave Robber (Deep Elf Necromancer)      Turns: 2329, Time: 00:12:23

Health: 0/28       AC:  4    Str:  5    XL:     5   Next: 60%
Magic:  13/13      EV: 13    Int: 22    God:    Vehumet [......]
Gold:   173        SH:  0    Dex: 18    Spells: 8/12 levels left

rFire   . . .        a - +5 rapier of the Hero {heavy, rN+ Dex+3}
rCold   . . .        (no shield)
rNeg    + . .        n - +0 robe
rPois   .            i - +0 helmet
rElec   .            (no cloak)
rCorr   .            k - +0 pair of gloves
SInv    .            (no boots)
Will    .....        (no amulet)
Stlth   +++          (no ring)
HPRegen 0.24/turn    (no ring)
MPRegen 0.13/turn

%: no passive effects
@: no status effects
A: no striking features
a: Renounce Religion


You were on level 4 of the Dungeon.
You worshipped Vehumet.
Vehumet was noncommittal.
You visited 1 branch of the dungeon, and saw 4 of its levels.

You collected 173 gold pieces.

Inventory:

Hand Weapons
 a - the +5 rapier of the Hero (weapon) {heavy, rN+ Dex+3}
   (You found it on level 3 of the Dungeon)

   Dex:       It affects your dexterity (+3).
   rN:        It protects you from negative energy.
 r - a +0 spear
Missiles
 v - 9 poisoned darts (quivered)
Armour
 i - a +0 helmet (worn)
 k - a +0 pair of gloves (worn)
 n - a +0 robe (worn)
Wands
 o - a wand of roots (8)
Scrolls
 c - a scroll of blinking {unknown}
 e - a scroll of fear {unknown}
 g - 3 scrolls of identify {unknown}
 m - a scroll of immolation {unknown}
 q - a scroll of fog {unknown}
 t - a scroll of amnesia {unknown}
 u - a scroll of enchant armour {unknown}
Potions
 b - a potion of magic
 d - a potion of ambrosia {unknown}
 f - a potion of haste {unknown}
 h - a potion of mutation {unknown}
 j - 2 potions of curing {unknown}
 l - 2 potions of attraction {unknown}
 p - 2 potions of brilliance {unknown}
 s - a potion of heal wounds {unknown}


   Skills:
 + Level 2.2 Short Blades
 * Level 3.6 Dodging
 + Level 3.9 Stealth
 * Level 4.3 Spellcasting
 * Level 5.9 Necromancy


You had 8 spell levels left.
You knew the following spells:

 Your Spells              Type           Power      Damage    Failure   Level
a - Necrotise             Necr           100%       1d9       1%          1
d - Vampiric Draining     Necr           31%        2d8       2%          3

Your spell library contained the following spells:

 Spells                   Type           Power      Damage    Failure   Level
 Animate Dead             Necr           31%        N/A       10%         4
 Lesser Beckoning         Tloc           8%         N/A       17%         2
 Agony                    Necr           31%        N/A       26%         5
 Gell's Gravitas          Tloc           4%         N/A       32%         3
 Teleport Other           Tloc           4%         N/A       32%         3


Dungeon Overview and Level Annotations

Branches:
Dungeon (4/15)
 Temple: D:4-7

Altars:
Okawaru
Vehumet
Zin
The Shining One

Shops:
D:2 =


Message History

Things that are here:
a +0 club; a gnoll skeleton Done exploring.
There is a stone staircase leading down here.
You climb downwards.
There is a stone staircase leading up here.
(D) Dungeon
Where to? (? - help)
You see here a +0 short sword.
You see here 3 stones.
You open the door.
There is an open door here.
There is a stone staircase leading down here.
You climb downwards.
There is a stone staircase leading up here.
A gnoll comes into view. It is wielding a +0 whip.
Found a scroll labelled POILALU JEHO.
A gnoll comes into view. It is wielding a +0 halberd.
The gnoll shouts! x2
A gnoll comes into view. It is wielding a +0 spear. x2
You hear a shout! x3
You hear a shout!
The gnoll throws a throwing net.
The throwing net hits you.
You become entangled in the net!
You see here a throwing net.
You struggle against the net.
You struggle against the net.
You shred the net and break free!
There is an open door here.
There is a radiant altar of Vehumet here.
You kneel at the altar of Vehumet.
Vehumet welcomes you!
You closely miss the gnoll. The gnoll hits you with a +0 whip.
The gnoll closely misses you. The gnoll hits you with a +0 whip.
The gnoll barely misses you. The gnoll closely misses you.
The gnoll hits you with a +0 whip.
The gnoll hits you from afar with a +0 spear.
The gnoll attacks as you move away! The gnoll hits you with a +0 halberd!
Ouch! That really hurt!
You die...

g.##...............######.....#
##...............### #.....#
...........g.......####.....#
..........##.................#
.............g...........#+####
...............................
........#####..............##
.....#.'#.#.#gg...##.......#
.....###..#g@##...##.......#
.... #.._#_..#....#.......# ...
#########....+.......## .
#.._#_..#....#.........
####+#####..#..##.............#
.......'.'#.#.#'..#......#.....
.
.....###..#####...#............
.
.....###..........#............
. .
#.##................#.......


You could see 3 gnolls.

Vanquished Creatures
  A black bear (D:2)
  An iguana (D:2)
  3 gnolls (D:2)
  2 adders (D:2)
  2 dart slugs
  3 orcs (D:3)
  5 ball pythons (D:1)
  4 endoplasms
  8 goblins
  4 hobgoblins
  A quokka (D:1)
  4 bats
  4 frilled lizards
  4 kobolds
  A rat (D:2)
47 creatures vanquished.

Notes
Turn   | Place    | Note
-------+----------+-------------------------------------------
     0 | D:1      | Esekla the Deep Elf Necromancer began the quest for the
                  | Orb.
     0 | D:1      | Reached XP level 1. HP: 10/10 MP: 6/6
   158 | D:1      | Reached skill level 5 in Necromancy
   381 | D:4      | Found an iron altar of Okawaru.
   431 | D:4      | Found a glowing silver altar of Zin.
   453 | D:4      | Found a radiant altar of Vehumet.
   553 | D:4      | Found a glowing golden altar of the Shining One.
   603 | D:3      | Reached XP level 2. HP: 13/15 MP: 8/8
   672 | D:3      | Identified the +5 rapier of the Hero {heavy, rN+ Dex+3}
   818 | D:2      | Found Renulab's Jewellery Shop.
   983 | D:1      | Reached XP level 3. HP: 19/19 MP: 9/9
   987 | D:1      | Learned a level 3 spell: Vampiric Draining
  1295 | D:2      | Noticed a black bear
  1348 | D:2      | Reached skill level 1 in Short Blades
  1611 | D:3      | Reached XP level 4. HP: 24/24 MP: 11/11
  1885 | D:2      | Found a faded altar of an unknown god.
  2020 | D:2      | Killed a black bear
  2021 | D:2      | Reached XP level 5. HP: 28/28 MP: 2/13
  2326 | D:4      | Became a worshipper of Vehumet
  2329 | D:4      | Slain by a gnoll

Illustrated notes

Levels and vault maps discovered:
D:1:      sevenhm_arrival_forest_fort_small_3, layout_rooms,
          chequers_serial_rivers_room_b, minmay_misc_feat_five
D:2:      layout_loops_ring, dreamdust_ecumenical_altar_angels_and_demons,
          serial_shops, shop
D:3:      layout_basic, grunt_temple_overflow_open, minmay_misc_feat_iff
D:4:      layout_basic, nicolae_overflow_quartered_altars, serial_shops,
          nicolae_diamond_shop

Skill      XL: |  1  2  3  4 |
---------------+-------------+-----
Necromancy     | 5 |  5.9
Stealth        | 3 |  3.9
Short Blades   | 1 2 |  2.2
Dodging        | 3 |  3.6
Spellcasting   | 4 |  4.3

Action                     |  1- 3 |  4- 6 || total
---------------------------+-------+-------++-------
  Melee: Short sword       |    36 |       ||    36
         Unarmed           |     9 |       ||     9
         Rapier            |    47 |    14 ||    61
  Throw: Dart              |       |     2 ||     2
   Cast: Vampiric Draining |     3 |     5 ||     8
   Stab: Sleeping          |     5 |     3 ||     8
 Armour: Robe              |    24 |     1 ||    25
  Dodge: Dodged            |    47 |    10 ||    57
